 Dungeon Crawl Stone Soup version 0.16-a0-3625-g2624681 (console) character file.

692 MrRokkomies the Insei (level 7, 0/49 HPs)
             Began as an Octopode Transmuter on Jan 14, 2015.
             Was a Follower of Ru.
             Slain by a wyvern (5 damage)
             ... on level 5 of the Dungeon.
             The game lasted 00:28:00 (3963 turns).

MrRokkomies the Insei (Octopode Transmuter)         Turns: 3963, Time: 00:28:00

Health: 0/49       AC:  3    Str:  9    XL:     7   Next: 63%
Magic:  1/13       EV: 12    Int: 15    God:    Ru [*.....]
Gold:   309        SH:  0    Dex: 15    Spells: 3 memorised, 1 level left

rFire  . . .     SeeInvis .       - Unarmed
rCold  . . .     Clarity  .     (no shield)
rNeg   + . .     SustAb   .     (helmet restricted)
rPois  .         Gourm    .     t - amulet of regeneration
rElec  .         Spirit   .     e - ring of teleport control
rCorr  .         Warding  .     g - ring of positive energy
rMut   .         Stasis   .     (no ring)
MR     .....                    (no ring)
Stlth  ++++......               (no ring)
                                (no ring)
                                (no ring)
                                (no ring)

@: not resistant to hostile enchantments, stealthy
A: almost no armour, amphibious, 8 rings, constrict 8, tentacle spike 1, yellow
scales 1, camouflage 1, high mp 1, gelatinous body 1, no device heal 1, no
conjurations magic, no fire magic, no hexes magic, MP-powered wands 1
a: Renounce Religion, Evoke Teleport Control


You were on level 5 of the Dungeon.
You worshipped Ru.
Ru was aware of your devotion.
You were not hungry.

You visited 2 branches of the dungeon, and saw 6 of its levels.

You collected 309 gold pieces.

Inventory:

Hand weapons
 b - a +0 blowgun
Missiles
 k - 15 stones (quivered)
 m - 12 poisoned needles
 q - 29 arrows
 x - a throwing net
Jewellery
 e - a ring of teleport control (left tentacle)
 g - a ring of positive energy (right tentacle)
 s - an uncursed ring of ice
 t - an amulet of regeneration (around mantle)
Magical devices
 l - a wand of frost (21)
 y - a wand of fire (3)
Scrolls
 f - 5 scrolls of remove curse
 h - a scroll of immolation
 i - 2 scrolls of enchant armour
 j - 2 scrolls of teleportation
Potions
 c - a potion of flight
 p - a potion of resistance {unknown}
 r - 2 potions of curing
 u - a potion of cancellation {unknown}
 w - a potion of lignification {unknown}
Books
 d - a book of Changes

   Spells                             Type                      Level
   a - Beastly Appendage              Transmutation                1
   b - Sticks to Snakes               Transmutation                2
   c - Spider Form                    Transmutation/Poison         3
   d - Ice Form                       Ice/Transmutation            4
   e - Blade Hands                    Transmutation                5
 z - a book of Debilitation

   Spells                             Type                      Level
   a - Corona                         Hexes                        1
   b - Slow                           Hexes                        2
   c - Inner Flame                    Hexes/Fire                   3
   d - Enslavement                    Hexes                        4
   e - Cause Fear                     Hexes                        4
   f - Leda's Liquefaction            Hexes/Earth                  4
Comestibles
 a - 5 bread rations
 n - 3 beef jerkies
 o - 3 chunks of flesh
 v - a slice of pizza


   Skills:
 + Level 4.6 Fighting
 - Level 2.0 Dodging
 - Level 4.0 Stealth
 * Level 5.8 Unarmed Combat
 - Level 2.0 Spellcasting
 * Level 3.6 Transmutations


You had one spell level left.
You knew the following spells:

 Your Spells              Type           Power        Failure   Level  Hunger
a - Beastly Appendage     Trmt           ##....       6%          1    #......
b - Spider Form           Trmt/Pois      #.........   34%         3    ###....
c - Blade Hands           Trmt           ##........   97%         5    ######.


Dungeon Overview and Level Annotations

Branches:
Dungeon (5/15)             Temple (1/1) D:4

Altars:
Dithmenos
Elyvilon
Gozag
Nemelex Xobeh
Qazlal
Ru
Sif Muna
Yredelemnul
The Shining One

Annotations:
D:3 EdwardR's ghost, average MiFi
D:5 runed door, Vergil's ghost, average DrWr


Innate Abilities, Weirdness & Mutations

You cannot wear most types of armour.
You are amphibious.
You can wear up to eight rings at the same time.
You can use your tentacles to constrict many enemies at once.
Your skin changes colour to match your surroundings (Stealth).
Your rubbery body absorbs attacks (AC +1).
You cannot study or cast Conjurations magic.
You cannot study or cast Fire magic.
You cannot study or cast Hexes magic.
One of your tentacles bears a spike.
You are partially covered in yellow scales (AC +2).
You have an increased reservoir of magic (+10% MP).
Potions and wands are less effective at restoring your health.
You expend magic power (3 MP) to slightly strengthen your wands.


Message History

The wyvern is almost dead.
The wyvern bites you!!
* * * LOW HITPOINT WARNING * * *
Evoke which item? (* to show all) (? for menu, Esc to quit)
Zapping:
y - a wand of fire (5)
Press: ? - help, Shift-Dir - straight line, f/p - wyvern
Aim: a wyvern (almost dead)
The bolt of fire misses the wyvern.
This wand has 4 charges left.
The wyvern completely misses you. The wyvern closely misses you.
You barely miss the wyvern.
Your tentacle spike misses the wyvern.
The wyvern is almost dead.
The wyvern bites you!
* * * LOW HITPOINT WARNING * * *
Evoke which item? (* to show all) (? for menu, Esc to quit)
Zapping:
y - a wand of fire (4)
Press: ? - help, Shift-Dir - straight line, f/p - wyvern
Aim: a wyvern (almost dead)
The bolt of fire misses the wyvern.
This wand has 3 charges left.
The wyvern bites you.
You die...

....#.....#†####.#
.†........#..#.#.#
#..##++##.'.#)##.#
..## #######..#
..# #....## ..#
###### ..# ## #
..# #}. /## ..##
#####.##.#
...##++##.'.##.#†#
..........##.#.D@#
....##..#.#.####.#
.......##.##....##
..##...#...######
..####...........
#..# ##........##
#..# ##..........
#..#####.........#
.........#.....###
.......######.##
..###..# #


You could see a wyvern.

Vanquished Creatures
  An ogre (D:4)
  Sigmund (D:3)
  A giant frog (D:5)
  A giant frog zombie (D:5)
  A hound (D:5)
  An orc priest (D:3)
  A giant frog skeleton (D:5)
  An orc wizard (D:5)
  A centaur skeleton (D:5)
  5 worker ants
  Natasha (D:3)
  A hound zombie (D:5)
  3 adders (D:2)
  A white imp (D:4)
  A giant mite (D:3)
  3 worms (D:2)
  5 giant geckos
  An ooze (D:1)
  5 orcs
  3 giant cockroaches
  11 goblins
  5 hobgoblins
  8 jackals
  12 kobolds
  A quokka (D:2)
  A ball python (D:2)
  5 bats
  4 giant newts
  A goblin zombie (D:4)
  3 hobgoblin zombies (D:4)
  A jackal skeleton (D:5)
  3 kobold skeletons (D:4)
  An orc skeleton (D:4)
  2 orc zombies (D:4)
  A quokka skeleton (D:5)
  10 rats
107 creatures vanquished.

Notes
Turn   | Place    | Note
--------------------------------------------------------------
     0 | D:1      | MrRokkomies, the Octopode Transmuter, began the quest for the Orb.
     0 | D:1      | Reached XP level 1. HP: 13/13 MP: 3/3
    64 | D:1      | Reached XP level 2. HP: 5/18 MP: 2/4
   363 | D:1      | Reached skill level 1 in Stealth
   620 | D:1      | Reached XP level 3. HP: 21/24 MP: 6/6
   687 | D:1      | Gained mutation: You are partially covered in yellow scales (AC +2). [potion of mutation]
   687 | D:1      | Gained mutation: Potions and wands are less effective at restoring your health. [potion of mutation]
   688 | D:1      | Gained mutation: You expend magic power (3 MP) to slightly strengthen your wands. [potion of mutation]
   688 | D:1      | Gained mutation: One of your tentacles bears a spike. [potion of mutation]
   688 | D:1      | Gained mutation: You have an increased reservoir of magic (+10% MP). [potion of mutation]
  1164 | D:2      | Reached XP level 4. HP: 26/30 MP: 7/7
  1636 | D:2      | Learned a level 3 spell: Spider Form
  1708 | D:3      | Noticed EdwardR's ghost (average MiFi)
  1797 | D:3      | Found a basalt altar of Yredelemnul.
  1800 | D:3      | Found a glowing golden altar of the Shining One.
  1801 | D:3      | Noticed an angel
  1812 | D:3      | Noticed a profane servitor
  1941 | D:3      | Noticed Natasha
  1973 | D:3      | Killed Natasha
  1973 | D:3      | Reached XP level 5. HP: 13/36 MP: 9/9
  2175 | D:3      | Reached skill level 4 in Unarmed Combat
  2380 | D:3      | Noticed Sigmund
  2392 | D:3      | Killed Sigmund
  2392 | D:3      | Reached XP level 6. HP: 5/43 MP: 11/11
  3021 | D:4      | Found a staircase to the Ecumenical Temple.
  3027 | Temple   | Entered the Ecumenical Temple
  3046 | Temple   | Became a worshipper of Ru the Awakened
  3176 | D:4      | Found a glowing golden altar of the Shining One.
  3411 | D:4      | Learned a level 5 spell: Blade Hands
  3436 | D:5      | Entered Level 5 of the Dungeon
  3442 | D:5      | Noticed Vergil's ghost (average DrWr)
  3622 | D:5      | Reached skill level 5 in Unarmed Combat
  3738 | D:4      | Reached XP level 7. HP: 44/48 MP: 13/13
  3789 | D:5      | Found a large runed door.
  3789 | D:5      | Found a large runed door.
  3830 | D:5      | Gained mutation: You cannot study or cast Fire magic. [Ru sacrifice]
  3830 | D:5      | Gained mutation: You cannot study or cast Hexes magic. [Ru sacrifice]
  3830 | D:5      | Gained mutation: You cannot study or cast Conjurations magic. [Ru sacrifice]
  3830 | D:5      | Acquired Ru's first power
  3906 | D:5      | Found a large runed door.
  3911 | D:5      | Found a large runed door.
  3952 | D:5      | Noticed a wyvern
  3963 | D:5      | Slain by a wyvern

Action                   |  1- 3 |  4- 6 |  7- 9 || total
-------------------------+-------+-------+-------++-------
Melee: Unarmed           |    77 |   161 |    59 ||   297
 Fire: Blowgun           |       |     7 |       ||     7
Throw: Stone             |       |     1 |       ||     1
 Cast: Beastly Appendage |     1 |       |       ||     1
Invok: Sacrifice Arcana  |       |       |     1 ||     1
Evoke: Wand              |       |       |     4 ||     4
  Use: Scroll            |     5 |     5 |     1 ||    11
       Potion            |     2 |     3 |       ||     5
 Stab: Sleeping          |     3 |    12 |     8 ||    23
  Eat: Chunk             |       |     9 |     2 ||    11
